 Dungeon Crawl Stone Soup version 0.30.0-5-g1a98f26d00 (webtiles) character file.

Game seed: 3995146818768262472

24 cheesebisquit the Firebug (level 2, -1/25 HPs)
             Began as a Draconian Fire Elementalist on May 10, 2023.
             Slain by a gnoll
             ... wielding a +0 spear of flaming
              (3 damage)
             ... on level 1 of the Dungeon.
             The game lasted 00:02:44 (695 turns).

cheesebisquit the Firebug (DrFE)                     Turns: 695, Time: 00:02:44

Health: -1/25      AC:  4    Str: 10    XL:     2   Next: 79%
Magic:  1/5        EV: 17    Int: 15    God:
Gold:   56         SH:  0    Dex: 11    Spells: 4/5 levels left

rFire   . . .        b - +0 club
rCold   . . .        (no shield)
rNeg    . . .        (body armour unavailable)
rPois   .            (helmet restricted)
rElec   .            (no cloak)
rCorr   .            (no gloves)
SInv    .            (no boots)
Will    .....        (no amulet)
Stlth   ++           d - +5 ring of evasion
HPRegen 0.24/turn    (no ring)
MPRegen 0.09/turn

%: no passive effects
@: very slightly contaminated
A: AC +4, unfitting armour, cold-blooded
a: no special abilities


You were on level 1 of the Dungeon.
You visited 1 branch of the dungeon, and saw 1 of its levels.

You collected 56 gold pieces.

Inventory:

Hand Weapons
 b - a +0 club (weapon)
Jewellery
 d - a +5 ring of evasion (left hand)
Scrolls
 c - a scroll of teleportation {unknown}
 e - a scroll of enchant armour {unknown}
 f - a scroll of magic mapping {unknown}
Potions
 a - a potion of magic


   Skills:
 + Level 2.8 Fighting
 - Level 1.7 Dodging
 - Level 1.7 Stealth
 - Level 2.0 Spellcasting
 - Level 1.0 Conjurations
 - Level 3.0 Fire Magic


You had 4 spell levels left.
You knew the following spells:

 Your Spells              Type           Power      Damage    Failure   Level
a - Foxfire               Conj/Fire      28%        2x1d5     10%         1

Your spell library contained the following spells:

 Spells                   Type           Power      Damage    Failure   Level
 Scorch                   Fire           20%        2d5       10%         2
 Inner Flame              Hex/Fire       6%         N/A       34%         3
 Volatile Blastmotes      Fire/Tloc      12%        2d11      34%         3
 Flame Wave               Conj/Fire      7%         2d5       67%         4


Dungeon Overview and Level Annotations

Branches:
Dungeon (1/15)

Altars:

Shops:
D:1 (


Innate Abilities, Weirdness & Mutations

Your plain brown scales are hard. (AC +4)
You cannot fit into any form of body armour.
You are cold-blooded and may be slowed by cold attacks.


Message History

The gnoll hits you from afar with a +0 spear of flaming.
The gnoll burns you.
You conjure some foxfire!
The gnoll barely misses you.
The foxfire hits the gnoll.
The gnoll is heavily wounded.
The foxfire hits the gnoll.
The gnoll is severely wounded.
The gnoll closely misses you.
You conjure some foxfire!
The gnoll hits you from afar with a +0 spear of flaming.
The gnoll burns you.
The foxfire hits the gnoll.
The gnoll is almost dead.
The foxfire hits the gnoll but does no damage.
The gnoll is almost dead.
The gnoll barely misses you.
You miscast Foxfire.
Nothing appears to happen.
The gnoll completely misses you.
The gnoll hits you with a +0 spear of flaming!
* * * LOW HITPOINT WARNING * * *
The gnoll burns you.
* * * LOW HITPOINT WARNING * * *
You barely miss the gnoll.
The gnoll is almost dead.
The gnoll misses you.
You hit the gnoll.
The gnoll is almost dead.
The gnoll barely misses you.
Okay, then.
You barely miss the gnoll.
The gnoll is almost dead.
The gnoll hits you with a +0 spear of flaming.
* * * LOW HITPOINT WARNING * * *
The gnoll burns you.
* * * LOW HITPOINT WARNING * * *
The gnoll closely misses you.
You hit the gnoll but do no damage.
The gnoll is almost dead.
The gnoll hits you with a +0 spear of flaming.
You die...

######## #......#
#@####.#########
#g# #.........#
#.# #########.#
#.# ##### #.# #..
...# #.#
##..####.#####.#
#.#
#.............###
...
......#.###.....#
#.# #..##.#.#
#.###.#


You could see a gnoll.

Vanquished Creatures
  A ball python (D:1)
  2 bats (D:1)
  2 endoplasms (D:1)
  2 giant cockroaches (D:1)
  3 goblins (D:1)
  2 hobgoblins (D:1)
  4 jackals (D:1)
  A quokka (D:1)
  A rat (D:1)
18 creatures vanquished.

Vanquished Creatures (others)
  49 foxfires (D:1)
49 creatures vanquished.

Grand Total: 67 creatures vanquished

Notes
Turn   | Place    | Note
-------+----------+-------------------------------------------
     0 | D:1      | cheesebisquit the Draconian Fire Elementalist began the
                  | quest for the Orb.
     0 | D:1      | Reached XP level 1. HP: 14/14 MP: 3/3
   120 | D:1      | Reached skill level 1 in Fighting
   217 | D:1      | Found Decomuef's Weapon Shop.
   249 | D:1      | Reached XP level 2. HP: 24/24 MP: 3/5
   695 | D:1      | Slain by a gnoll

Illustrated notes

Levels and vault maps discovered:
D:1:      scummos_arrival_simple_crosswalls, layout_loops_ring, serial_shops,
          shop, corner_web_ring, minmay_lizard_king

Skill      XL: |  1  2 |
---------------+-------+-----
Fighting       | 1 2 |  2.8
Dodging        | |  1.7
Stealth        | |  1.7
Spellcasting   | |  2.0
Conjurations   | |  1.0
Fire Magic     | |  3.0

Action                     || total
---------------------------++-------
  Melee: Unarmed           ||     7
         Club              ||    21
         Tailslap          ||     1
   Cast: Foxfire           ||    29
 Armour: Skin              ||     9
  Dodge: Dodged            ||    49
